 Dungeon Crawl Stone Soup version 0.31.0-4-g52a2dc7128 (webtiles) character file.

Game seed: 369979734240428222

1762174 Flugkiller the Hawkeye (level 27, 184/184 HPs)
             Began as a Tengu Delver on Jan 21, 2024.
             Was a High Priest of Okawaru.
             Escaped with the Orb
             ... and 3 runes!
             The game lasted 02:40:38 (62015 turns).

Flugkiller the Hawkeye (Tengu Delver)              Turns: 62015, Time: 02:40:38

Health: 184/184    AC: 13    Str: 30    XL:     27
Magic:  38/38      EV: 42    Int: 20    God:    Okawaru [*****.]
Gold:   3125       SH: 43    Dex: 32    Spells: 26/26 levels left

rFire   + + .        X - +9 demon blade (heavy)
rCold   + . .        O - +8 tower shield {AC+3}
rNeg    . . .        R - +5 moon troll leather armour {Spirit, Regen++ MP+5}
rPois   +            Y - +1 hat of True Grit {+Blink rPois Dex+3}
rElec   +            Q - scarf "Setem" {rC+ rF+, ^Contam Str+7 Int+2}
rCorr   .            l - +0 pair of fencer's gloves {Riposte Dex+3}
SInv    .            (boots unavailable)
Will    +++..        J - amulet of reflection
Stlth   ++           j - ring of Meisol {rElec rF+ Int+6}
HPRegen 2.10/turn    r - ring of Eseit {Will+ Str+4}
MPRegen 0.26/turn

%: reflection, acrobat, guardian spirit
@: flying
A: beak, talons 3, evasive flight, acrobatic, large bone plates 1, agile 1,
strong 1
0: Orb of Zot
}: 3/15 runes: decaying, serpentine, silver
a: Renounce Religion, Evoke Blink, Heroism, Finesse, Duel


You escaped.
You worshipped Okawaru.
Okawaru was extremely pleased with you.
You visited 9 branches of the dungeon, and saw 46 of its levels.
You visited the Abyss 1 time.
You also visited: Gauntlet, Ice Cave and Wizlab.

You collected 10159 gold pieces.
You spent 7034 gold pieces at shops.

Inventory:

Hand Weapons
 X - a +9 heavy demon blade (weapon)
   (Okawaru gifted it to you on level 4 of the Lair of Beasts)
Missiles
 b - 20 silver javelins
 c - 10 boomerangs (quivered)
 i - 7 atropa-tipped darts
 G - 6 throwing nets
 H - 20 curare-tipped darts
 N - 5 darts of dispersal
 V - 24 javelins
Armour
 l - the +0 pair of fencer's gloves (worn) {Riposte Dex+3}
   (You found it on level 5 of the Vaults)

   Riposte:   It allows the wearer to riposte with melee weapons, swiftly
   retaliating against missed or blocked melee attacks.
   Dex+3:     It affects your dexterity (+3).
 O - a +8 tower shield of protection (worn)
   (You took it off a naga warrior on level 4 of the Snake Pit)
 Q - the scarf "Setem" (worn) {rC+ rF+, ^Contam Str+7 Int+2}
   (Okawaru gifted it to you on level 4 of the Lair of Beasts)

   Str+7:     It affects your strength (+7).
   Int+2:     It affects your intelligence (+2).
   ^Contam:   It causes magical contamination when unequipped.
 R - the +5 moon troll leather armour (worn) {Spirit, Regen++ MP+5}
   (You found it in an ice cave)

   MP+5:      It affects your magic capacity (+5).
   Regen++:   It increases your rate of health regeneration.
 Y - the +1 hat of True Grit (worn) {+Blink rPois Dex+3}
   (You found it in a Gauntlet)

   Dex+3:     It affects your dexterity (+3).
   rPois:     It protects you from poison +Blink: It lets you blink.
Jewellery
 j - the ring of Meisol (left hand) {rElec rF+ Int+6}
   (You bought it in a shop on level 5 of the Vaults)

   [ring of intelligence]

   Int+6:     It affects your intelligence (+6).
   rF+:       It protects you from fire.
   rElec:     It insulates you from electricity.
 m - a ring of willpower
   (You found it on level 4 of the Lair of Beasts)
 p - the ring "Voyjufep" {rPois Will+ Int+6 Slay-2 SInv Stlth+}
   (You bought it in a shop on level 4 of the Snake Pit)

   [ring of intelligence]

   Int+6:     It affects your intelligence (+6).
   Slay-2:    It affects your accuracy & damage with ranged weapons and melee
   (-2).
   rPois:     It protects you from poison Will+: It increases your willpower.
   SInv:      It lets you see invisible.
   Stlth+:    It makes you more stealthy.
 r - the ring of Eseit (right hand) {Will+ Str+4}
   (You bought it in a shop on level 4 of the Snake Pit)

   [ring of willpower]

   Str+4:     It affects your strength (+4).
   Will+:     It increases your willpower.
 v - a +5 ring of evasion
   (You found it on level 15 of the Dungeon)
 x - a ring of wizardry
   (You took it off a draconian monk on level 3 of the Realm of Zot)
 B - the ring "Xownuob" {MP+9 Str+4}
   (You took it off a minotaur in a Gauntlet)

   [ring of magical power]

   Str+4:     It affects your strength (+4).
   MP+9:      It affects your magic capacity (+9).
 J - an amulet of reflection (around neck)
   (You found it on level 2 of the Lair of Beasts)
Wands
 g - a wand of digging (10)
 D - a wand of mindburst (20)
   (You found it on level 8 of the Dungeon)
 M - a wand of roots (30)
   (You found it on level 8 of the Dungeon)
 P - a wand of quicksilver (29)
   (You found it in an ice cave)
Scrolls
 a - 11 scrolls of revelation
 t - 18 scrolls of teleportation
 u - 5 scrolls of fog
 z - 6 scrolls of blinking
 A - 5 scrolls of vulnerability
 E - 11 scrolls of poison
 F - 8 scrolls of fear
 S - 6 scrolls of immolation
 U - a scroll of silence
Potions
 d - 6 potions of might
 e - 7 potions of invisibility
 h - 9 potions of haste
 k - 3 potions of magic
 n - 6 potions of resistance
 q - 16 potions of curing
 s - 4 potions of enlightenment
 w - 8 potions of heal wounds
 C - 5 potions of cancellation
 I - 2 potions of berserk rage
 K - 5 potions of mutation
 T - 11 potions of ambrosia
Miscellaneous
 f - a phial of floods
   (You found it on level 4 of the Vaults)
 o - a lightning rod (4/4)
   (You found it on level 4 of the Vaults)
 L - a tin of tremorstones (2/2)
   (You found it on level 4 of the Vaults)


   Skills:
 - Level 22.0 Fighting
 - Level 14.0 Long Blades
 - Level 22.0 Throwing
 - Level 22.0 Dodging
 - Level 5.0 Stealth
 + Level 20.1 Shields
 - Level 13.0 Invocations
 - Level 20.0 Evocations


You had 26 spell levels left.
You didn't know any spells.
Your spell library contained the following spells:

 Spells                   Type           Power      Damage    Failure   Level
 Foxfire                  Conj/Fire      0%         2x1d4     32%         1
 Freeze                   Ice            0%         1d3       32%         1
 Magic Dart               Conj           0%         1d3       32%         1
 Necrotise                Necr           0%         1d4       32%         1
 Sting                    Conj/Alch      0%         1d3       32%         1
 Ensorcelled Hibernation  Hex/Ice        0%         N/A       43%         2
 Mercury Vapours          Alch/Air       0%         N/A       43%         2
 Scorch                   Fire           0%         2d5       43%         2
 Searing Ray              Conj           0%         2d4       43%         2
 Static Discharge         Conj/Air       0%         3-3/arc   43%         2
 Dazzling Flash           Conj/Hex       0%         N/A       67%         3
 Hailstorm                Conj/Ice       0%         3d5       67%         3
 Inner Flame              Hex/Fire       0%         N/A       67%         3
 Mephitic Cloud           Conj/Alch/Air  0%         N/A       67%         3
 Passwall                 Erth           0%         N/A       67%         3
 Stone Arrow              Conj/Erth      0%         3d7       67%         3
 Swiftness                Air            0%         N/A       67%         3
 Vampiric Draining        Necr           0%         2d6       67%         3
 Volatile Blastmotes      Fire/Tloc      0%         2d10      67%         3
 Airstrike                Air            0%         2d(0-16)  97%         4
 Brom's Barrelling Bould  Conj/Erth      0%         2d3       97%         4
 Dimensional Bullseye     Hex/Tloc       0%         N/A       97%         4
 Flame Wave               Conj/Fire      0%         2d4       97%         4
 Fulminant Prism          Conj/Alch      0%         3d5       97%         4
 Ignite Poison            Fire/Alch      0%         N/A       97%         4
 Iskenderun's Mystic Bla  Conj/Tloc      0%         2d3       97%         4
 Olgreb's Toxic Radiance  Alch           0%         N/A       97%         4
 Sticky Flame             Fire/Alch      0%         2d4       97%         4
 Vhi's Electric Charge    Tloc/Air       0%         N/A       97%         4
 Arcjolt                  Conj/Air       0%         1d10      100%        5
 Curse of Agony           Necr           0%         N/A       100%        5
 Fireball                 Conj/Fire      0%         3d3       100%        5
 Irradiate                Conj/Alch      0%         3d11      100%        5
 Iskenderun's Battlesphe  Conj           0%         2d6       100%        5
 Yara's Violent Unravell  Hex/Alch       0%         3d3       100%        5
 Conjure Ball Lightning   Conj/Air       0%         3x3d6     100%        6
 Plasma Beam              Fire/Air       0%         2x1d10    100%        6
 Starburst                Conj/Fire      0%         6d3       100%        6
 Orb of Destruction       Conj           0%         9d5       100%        7
 Ozocubu's Refrigeration  Ice            0%         4d7       100%        7
 Borgnjor's Revivificati  Necr           0%         N/A       100%        8
 Discord                  Hex            0%         N/A       100%        8
 Disjunction              Tloc           0%         N/A       100%        8
 Ignition                 Fire           0%         3d3       100%        8
 Lehudib's Crystal Spear  Conj/Erth      0%         10d2      100%        8
 Maxwell's Capacitive Co  Air            0%         ∞         100%        8
 Death's Door             Necr           0%         N/A       100%        9
 Polar Vortex             Ice            0%         N/A       100%        9
 Summon Ice Beast         Ice/Summ       Unusable   N/A       N/A         3
 Tukima's Dance           Hex            Unusable   N/A       N/A         3
 Animate Armour           Summ/Erth      Unusable   N/A       N/A         4
 Martyr's Knell           Necr/Summ      Unusable   N/A       N/A         4
 Summon Lightning Spire   Summ/Air       Unusable   N/A       N/A         4
 Sculpt Simulacrum        Ice/Alch       Unusable   N/A       N/A         6
 Summon Cactus Giant      Summ           Unusable   N/A       N/A         6
 Haunt                    Necr/Summ      Unusable   N/A       N/A         7

Dungeon Overview and Level Annotations

Branches:
Dungeon (15/15)            Temple (0/1) D:7            Lair (5/5) D:10
  Swamp (4/4) Lair:2        Snake (4/4) Lair:2        Slime (0/5) Lair:5
    Orc (2/2) D:12            Elf (2/3) Orc:2        Vaults (5/5) D:13
  Crypt (0/3) Vaults:2     Depths (4/4) D:15            Zot (5/5) Depths:4
  IceCv (visited)          WizLab (visited)         Gauntlet (visited)

Altars:
Kikubaaqudgha
Nemelex Xobeh
Okawaru
Qazlal
Trog
Uskayaw
Vehumet
Yredelemnul
The Shining One
Jiyva

Shops:
Orc:2 *:![   Elf:1 (   Elf:2 [**   Snake:3 ?[!*?   Snake:4 =:=*   Vaults:2 [
Vaults:3 :   Vaults:5 =!?:

Portals:
Hell: Depths:1 Depths:2 Depths:3 Depths:4
Abyss: Depths:1 Depths:3 Depths:4
Pandemonium: Depths:2 Depths:4
Ziggurat: Depths:4

Annotations:
D:6 exclusion: steam dragon
D:9 3 runed translucent doors, jt's ghost, novice TeDe
Lair:3 3 runed translucent doors, Ixoagrun's ghost, journeyman MiFi
Elf:2 3 runed translucent doors
Zot:2 2 transporters
Zot:4 6 transporters


Innate Abilities, Weirdness & Mutations

You have a beak for a mouth.
You have claws for feet.
Your magical flight helps you evade attacks. (EV +4)
You can magically evade attacks while moving or waiting.
You are partially covered in large bone plates. (SH +4)
You are agile. (Dex +4, Str/Int -1)
Your muscles are strong. (Str +4, Int/Dex -1)


Message History

You kill the soul eater!
Okawaru accepts your kill.
No target in view!
HP restored.
There is a strange disturbance nearby!
Unknown command.
A soul eater comes into view.
There is a stone staircase leading up here.
You fly upwards.
There is a stone staircase leading down here.
There is an open door here.
There is a stone staircase leading up here.
You fly upwards.
There is a stone staircase leading down here.
There is an open door here.
There is a stone staircase leading up here.
You fly upwards.
There is a stone staircase leading down here.
There is a stone staircase leading up here.
You fly upwards.
There is a stone staircase leading down here.
There is a stone staircase leading up here.
You fly upwards.
There is a stone staircase leading down here.
You see here a +0 flail.
Things that are here:
a wand of charming (2); a +0 scale mail; a +0 trident
There is an open door here.
There is an open door here.
There is a stone staircase leading up here.
You fly upwards.
Level annotation: 3 runed translucent doors, jt's ghost, novice TeDe
There is a stone staircase leading down here.
There is an open door here.
There is an escape hatch in the ceiling here.
A mysterious force pulls you upwards. The hatch slams shut behind you.
There is an open door here.
There is an open door here.
There is an open door here.
There is a stone staircase leading up here.
You fly upwards.
There is a stone staircase leading down here.
There is a shaft here.
There is a stone staircase leading up here.
You fly upwards.
Level annotation: exclusion: steam dragon
There is a stone staircase leading down here.
There is an open door here.
There is a stone staircase leading up here.
You fly upwards.
There is a stone staircase leading down, spattered with blood here.
You see here a +0 trident.
A red devil comes into view. It is wielding a +0 trident.
The red devil moves out of view.
There is a stone staircase leading up here.
You fly upwards.
There is a stone staircase leading down here.
There is an escape hatch in the ceiling here.
A mysterious force pulls you upwards. The hatch slams shut behind you.
There is a stone staircase leading up here.
You fly upwards.
A blizzard demon comes into view.
There is a stone staircase leading down here.
The blizzard demon completely misses you.
You block the blizzard demon's attack.
You slice the blizzard demon!! Your peck misses the blizzard demon.
The blizzard demon is moderately wounded.
You block the blizzard demon's attack. x2
You slash the blizzard demon! You claw the blizzard demon!
You peck the blizzard demon!
You kill the blizzard demon!
Okawaru accepts your kill.
No target in view!
A rust devil comes into view.
An Orb Guardian comes into view.
The Orb Guardian moves out of view.
The Orb Guardian attacks as it pursues you!
You block the Orb Guardian's attack.
You riposte.
You slice the Orb Guardian!!
You claw the Orb Guardian, but do no damage.
You peck the Orb Guardian, but do no damage.
The Orb Guardian is moderately wounded.
You block the Orb Guardian's attack.
You riposte.
You slice the Orb Guardian!!
You claw the Orb Guardian, but do no damage.
The Orb Guardian is severely wounded.
You block the Orb Guardian's attack.
There is a stone staircase leading up here.
You block the Orb Guardian's attack.
You riposte.
You slice the Orb Guardian!!
You claw the Orb Guardian, but do no damage.
You peck the Orb Guardian, but do no damage.
The Orb Guardian is almost dead.
You fly upwards.
There is a stone staircase leading down here.
You slash the Orb Guardian!
You kill the Orb Guardian!
Okawaru accepts your kill.
You see here a +0 leather armour.
There is a staircase leading out of the dungeon here.
Unknown command.
Enter note: gg You have escaped!

.........................##.##...
..##...........####>.............
..##...........# ##....#.#.∩#...
#...........#### #######...#...
#...........# ###∩∩∩###.##..
#.....[.....# ###.............
#...^######## ##...............
#.#### ##................ #.#
#@.[.............. #.#
#####............. #.#
#.∩##.∩##∩∩##. #.###
############## #...# ###.# #.#
#.# #.#


There were no monsters in sight!

Vanquished Creatures
  Mara (Depths:2)
  A dread lich (Zot:5)
  3 ancient liches
  4 orbs of fire
  3 juggernauts (Depths:3)
  Josephina (Arena)
  Boris (Depths:3)
  the Lernaean hydra (Swamp:4)
  Vv (Depths:2)
  Vashnia (Snake:2)
  Saint Roka (Vaults:1)
  6 Killer Klowns (Zot:5)
  3 curse toes
  5 caustic shrikes
  9 golden dragons
  Norris (Depths:2)
  3 bone dragons
  2 electric golems (Zot:5)
  Zenata (Arena)
  18 tentacled monstrosities
  Asterion (Snake:3)
  Rupert (D:14)
  29 Orb Guardians
  Mlioglotl (Swamp:3)
  A walking earthen tome (Depths:3)
  7 quicksilver dragons
  4 titans
  6 liches
  10 sphinxes
  Frances (Lair:2)
  The ghost of Viocziel the Brawler, an adept TrMo of Nemelex Xobeh (Depths:4)
  13 death cobs
  A thorn hunter (Swamp:4)
  13 storm dragons
  9 tengu reavers
  2 fenstrider witches
  14 shadow dragons
  16 draconian monks
  Aizul (Snake:2)
  6 draconian knights
  4 nagarajas (Snake:4)
  8 protean progenitors
  7 frost giants
  9 fire giants
  7 draconian shifters
  3 deep elf sorcerers
  3 iron dragons
  An emperor scorpion (Depths:2)
  12 vault wardens
  9 draconian scorchers
  A ghoul (Swamp:2)
  6 ghost moths
  13 ironbound preservers
  15 very ugly things
  13 draconian annihilators
  A reaper (Depths:1)
  3 orc warlords
  2 draconian stormcallers
  A formless jellyfish (Vaults:4)
  17 stone giants
  A vampire knight (Depths:3)
  13 green draconians
  3 ironbound thunderhulks
  13 white draconians
  17 black draconians
  3 deep elf annihilators
  5 eleionomae
  A deep elf demonologist (Vaults:5)
  12 dire elephants
  9 yellow draconians
  5 war gargoyles
  3 bunyips
  5 spark wasps (Depths:3)
  16 purple draconians
  A minotaur (Gauntlet)
  Azrael (D:14)
  18 red draconians
  15 ettins
  2 crystal guardians
  2 blizzard demons
  16 fire dragons
  2 shambling mangroves (Swamp:4)
  6 jiangshi
  2 deep elf high priests (Vaults:5)
  An entropy weaver (Vaults:4)
  18 yaktaur captains
  14 ice dragons
  2 rakshasas
  A caustic shrike simulacrum (Depths:2)
  An entropy weaver (shapeshifter) (D:13)
  33 hydras
  2 peacekeepers
  3 salamander tyrants (Snake:4)
  6 great orbs of eyes
  26 vault guards
  Fannar (D:10)
  A ghost crab (Swamp:3)
  16 alligators
  8 anacondas
  2 ogre magi (Vaults:5)
  A spriggan air mage (Depths:4)
  5 catoblepae
  2 jorogumos
  2 death knights
  3 boulder beetles
  17 centaur warriors
  7 ironbound frosthearts
  15 naga warriors
  8 deep troll shamans
  7 two-headed ogres
  5 hell hogs
  2 orc high priests (Orc:2)
  6 death yaks
  4 tengu warriors
  5 deep troll earth magi
  3 vampire magi
  7 spriggan berserkers
  23 dancing weapons
  3 shock serpents
  3 occultists
  28 naga sharpshooters
  11 hell knights
  A sun demon (Depths:1)
  2 skysharks (Depths:2)
  8 soul eaters
  3 deep elf knights (Elf:1)
  3 salamander mystics (Snake:4)
  10 goliath frogs
  2 golden dragon zombies (Depths:3)
  A shadow wraith (Vaults:5)
  11 mana vipers
  A sixfirhy (Gauntlet)
  2 iron trolls
  15 skeletal warriors
  A skyshark (shapeshifter) (D:15)
  3 spark wasp zombies
  5 death drakes
  31 deep trolls
  12 swamp dragons
  7 spriggan druids
  A storm dragon skeleton (Zot:1)
  3 flayed ghosts
  10 bog bodies
  A glowing orange brain (Depths:1)
  10 naga ritualists
  3 arcanists
  16 ironbound convokers
  A mana viper (shapeshifter) (Depths:3)
  5 deep elf archers
  A deep troll (shapeshifter) (Vaults:5)
  An obsidian statue (Zot:5)
  12 lindwurms
  4 phantasmal warriors
  3 harpies
  8 necromancers
  12 deep elf zephyrmancers
  13 orc knights
  Pikel (D:7)
  3 wolf spiders
  8 deep elf pyromancers
  A fire giant zombie (Depths:2)
  5 cyclopes
  8 large abominations (Depths:4)
  7 orc sorcerers
  19 salamanders
  7 manticores
  A stone giant zombie (Depths:1)
  A frost giant zombie (Depths:1)
  An iron dragon skeleton (Depths:1)
  19 moths of wrath
  3 meliai (D:15)
  15 elephants
  A tengu skeleton (Depths:1)
  5 will-o-the-wisps
  A moth of wrath (shapeshifter) (Depths:1)
  24 ugly things
  17 vault sentinels
  9 centaur zombies (D:11)
  2 kobold blastminers (Orc:2)
  4 smoke demons
  An eye of devastation (shapeshifter) (Vaults:4)
  2 guardian serpents (Snake:4)
  12 naga magi
  A storm dragon simulacrum (Depths:2)
  A torpor snail (Lair:5)
  A gargoyle (D:13)
  11 cane toads
  38 black mambas
  A minotaur zombie (Gauntlet)
  2 efreet
  A hellion (Depths:1)
  7 rime drakes
  2 kobold demonologists
  13 komodo dragons
  2 unseen horrors
  An ice devil (IceCv)
  28 yaktaurs
  A spriggan zombie (Depths:2)
  An anaconda simulacrum (IceCv)
  4 guardian mummies
  A red devil (Gauntlet)
  9 polar bears (Lair:5)
  A queen bee (Lair:2)
  4 tengu conjurers
  11 tyrant leeches
  8 trolls
  Prince Ribbit (D:8)
  25 hornets
  Grinder (D:5)
  6 raiju
  19 blink frogs
  A glass eye (Depths:4)
  2 dream sheep (Lair:5)
  A raiju (shapeshifter) (Vaults:5)
  A centaur simulacrum (D:13)
  A stone giant simulacrum (Depths:2)
  45 slime creatures
  An air elemental (Elf:2)
  18 spriggans
  A water elemental (Elf:1)
  4 shadows
  2 dire elephant simulacra (IceCv)
  12 wraiths
  78 yaks
  4 vampires (D:11)
  8 basilisks
  8 fire elementals
  A human (D:12)
  8 wargs
  Grum (D:9)
  3 chaos spawn
  5 wyverns
  A steam dragon (Lair:2)
  31 vampire mosquitoes
  2 harpy simulacra (IceCv)
  A redback simulacrum (D:14)
  Menkaure (D:6)
  15 swamp worms
  38 nagas
  A hydra simulacrum (IceCv)
  A swamp worm (shapeshifter) (Depths:1)
  18 hell hounds
  18 water moccasins
  6 swamp drakes
  16 black bears
  30 orc warriors
  3 ice beasts
  4 small abominations (Depths:4)
  25 wolves
  7 ogres
  A crocodile (shapeshifter) (D:14)
  A boggart (D:14)
  9 centaurs
  3 phantoms
  7 kobold brigands
  Blork the orc (D:6)
  2 lemures
  11 bullfrogs
  7 two-headed ogre simulacra (IceCv)
  2 earth elementals (Elf:1)
  3 cane toad simulacra (IceCv)
  5 scorpions
  A human simulacrum (Depths:2)
  2 gnoll sergeants (D:10)
  19 wights
  An elephant simulacrum (IceCv)
  31 killer bees
  An electric eel (D:15)
  3 howler monkeys
  3 crimson imps (Gauntlet)
  2 bombardier beetles
  A jelly (D:8)
  A gnoll bouda (D:9)
  32 orc priests
  5 hounds
  A boggart zombie (D:11)
  2 sleepcaps
  Natasha (thrice) (D:2)
  4 iguanas
  36 orc wizards
  3 polar bear simulacra (IceCv)
  5 spriggan simulacra
  6 troll simulacra (IceCv)
  2 wolf simulacra (IceCv)
  7 adders
  14 gnolls
  8 naga simulacra (IceCv)
  8 white imps
  7 ufetubi
  2 dart slugs
  A ribbon worm (D:2)
  78 orcs
  4 ball pythons
  3 bats
  5 endoplasms
  5 giant cockroaches
  4 goblins
  6 hobgoblins
  13 kobolds
  2 quokkas
  6 frilled lizards
  7 rats
  An aspiring flesh (Zot:2)
  3 butterflies (Lair:2)
2234 creatures vanquished.

Vanquished Creatures (others)
  A draconian annihilator (Zot:1)
  3 red draconians
  A naga warrior (Snake:4)
  A deep troll (Depths:3)
  A naga ritualist (Snake:4)
  A necromancer (Depths:3)
  A naga mage (Snake:4)
  2 bloated husks
  A shadow dragon simulacrum (Depths:2)
  A hornet (Swamp:3)
  3 spriggans (Swamp:3)
  An ogre (Vaults:5)
  2 orc wizards (Orc:2)
  18 foxfires
37 creatures vanquished.

Grand Total: 2271 creatures vanquished

Notes
Turn   | Place    | Note
-------+----------+-------------------------------------------
     0 | D:5      | Flugkiller the Tengu Delver began the quest for the Orb.
     0 | D:5      | Reached XP level 1. HP: 14/14 MP: 2/2
     7 | D:5      | Noticed a bombardier beetle
    11 | D:5      | Noticed a wight
    18 | D:5      | Noticed a scorpion
   128 | D:2      | Found a glowing golden altar of the Shining One.
   330 | D:1      | Reached XP level 2. HP: 19/19 MP: 3/3
   783 | D:2      | Found a faded altar of an unknown god.
   868 | D:2      | Reached XP level 3. HP: 23/23 MP: 4/4
  1097 | D:2      | Noticed Natasha
  1403 | D:2      | Prayed at the altar of an unknown god.
  1403 | D:2      | Became a worshipper of Warmaster Okawaru
  1403 | D:2      | Reached * piety under Okawaru
  1888 | D:3      | Reached XP level 4. HP: 21/28 MP: 5/5
  2065 | D:3      | Reached skill level 1 in Invocations
  2469 | D:4      | Noticed a scorpion
  2625 | D:4      | Killed a scorpion
  2626 | D:4      | Reached XP level 5. HP: 17/33 MP: 5/7
  3143 | D:4      | Noticed a phantom
  3163 | D:4      | Reached skill level 5 in Fighting
  3163 | D:4      | Reached XP level 6. HP: 40/40 MP: 8/8
  3203 | D:4      | Reached skill level 1 in Throwing
  4251 | D:5      | Noticed an ice beast
  4382 | D:5      | Reached ** piety under Okawaru
  4405 | D:5      | Gained mutation: Your magical flight helps you evade
                  | attacks. (EV +4) [Tengu growth]
  4405 | D:5      | Reached XP level 7. HP: 44/44 MP: 9/9
  4775 | D:4      | Reached skill level 5 in Long Blades
  5057 | D:5      | Found a stormy altar of Qazlal.
  5064 | D:5      | Found a sparkling altar of Nemelex Xobeh.
  5145 | D:5      | Reached XP level 8. HP: 51/51 MP: 11/11
  5639 | D:6      | Noticed Menkaure
  5640 | D:6      | Reached skill level 5 in Dodging
  5681 | D:6      | Killed Menkaure
  6039 | D:6      | Noticed Grinder
  6050 | D:5      | Killed Grinder
  6237 | D:3      | Reached XP level 9. HP: 56/56 MP: 12/12
  6319 | D:2      | Killed Natasha
  6335 | D:2      | Found a glowing golden altar of the Shining One.
  6395 | D:2      | Noticed Natasha
  6399 | D:2      | Killed Natasha
  6542 | D:2      | Noticed Natasha
  6550 | D:2      | Killed Natasha
  6726 | D:2      | Found an iron altar of Okawaru.
  7682 | D:6      | Noticed Blork the orc
  7703 | D:6      | Killed Blork the orc
  7703 | D:6      | Reached *** piety under Okawaru
  8074 | D:7      | Found a staircase to the Ecumenical Temple.
  8083 | D:7      | Identified the +8 dagger of Distant Shores {venom, rCorr}
  8939 | D:8      | Reached skill level 1 in Evocations
  9256 | D:8      | Reached XP level 10. HP: 61/64 MP: 14/14
  9701 | D:8      | Reached skill level 5 in Invocations
  9732 | D:8      | Noticed Pikel
  9862 | D:7      | Killed Pikel
 10103 | D:8      | Noticed Prince Ribbit
 10124 | D:8      | Killed Prince Ribbit
 10858 | D:9      | Noticed Grum
 10890 | D:9      | Killed Grum
 10895 | D:9      | Reached skill level 10 in Long Blades
 11227 | D:9      | Found a runed translucent gate.
 11228 | D:9      | Noticed a kobold demonologist
 11228 | D:9      | Noticed jt's ghost (novice TeDe)
 11230 | D:9      | Found a runed translucent gate.
 11230 | D:9      | Found a runed translucent gate.
 11433 | D:9      | Found a bloodstained altar of Trog.
 11441 | D:9      | Reached skill level 5 in Evocations
 11470 | D:9      | Noticed a green ugly thing
 11484 | D:9      | Killed a green ugly thing
 11484 | D:9      | Reached **** piety under Okawaru
 11819 | D:10     | Entered Level 10 of the Dungeon
 11983 | D:10     | Reached XP level 11. HP: 57/68 MP: 15/15
 12116 | D:9      | Reached skill level 10 in Dodging
 12770 | D:10     | Noticed Fannar
 13427 | D:10     | Found a staircase to the Lair.
 14456 | D:11     | Reached ***** piety under Okawaru
 14581 | D:11     | Noticed a white ugly thing
 14611 | D:11     | Killed a white ugly thing
 14731 | D:11     | Noticed a manticore
 14923 | D:11     | Noticed a manticore
 15009 | D:9      | Received a gift from Okawaru
 15171 | D:10     | Killed Fannar
 15172 | D:10     | Reached XP level 12. HP: 64/75 MP: 17/19
 15212 | Lair:1   | Entered Level 1 of the Lair of Beasts
 15329 | Lair:1   | Reached skill level 5 in Throwing
 16351 | Lair:1   | Reached skill level 10 in Fighting
 16718 | Lair:2   | Found a frozen archway.
 16731 | IceCv    | Entered an ice cave
 16894 | IceCv    | Reached skill level 1 in Shields
 17681 | IceCv    | Received a gift from Okawaru
 17682 | IceCv    | Reached skill level 5 in Shields
 17682 | IceCv    | Reached XP level 13. HP: 82/82 MP: 20/20
 17841 | IceCv    | Found the +5 moon troll leather armour {Spirit, Regen++
                  | MP+5}
 18269 | Lair:2   | Found a staircase to the Swamp.
 18545 | Lair:2   | Found a staircase to the Snake Pit.
 18562 | Lair:2   | Received a gift from Okawaru
 19415 | Lair:3   | Reached skill level 10 in Shields
 19497 | Lair:3   | Received a gift from Okawaru
 19562 | Lair:3   | Found a runed translucent gate.
 19562 | Lair:3   | Found a runed translucent gate.
 19564 | Lair:3   | Found a runed translucent gate.
 19574 | Lair:3   | Noticed Ixoagrun's ghost (journeyman MiFi)
 19692 | Lair:3   | Got the Collected Works on Chrysopoeia
 20216 | Lair:4   | Identified a scroll of acquirement
 20399 | Lair:4   | Reached XP level 14. HP: 88/88 MP: 21/21
 20543 | Lair:4   | Received a gift from Okawaru
 20854 | Lair:5   | Entered Level 5 of the Lair of Beasts
 20930 | Lair:5   | Reached ****** piety under Okawaru
 20939 | Lair:4   | Acquired a +0 demon blade of venom
 20939 | Lair:4   | Received a gift from Okawaru
 21008 | Lair:5   | Received a gift from Okawaru
 21055 | Lair:5   | Found a viscous altar of Jiyva.
 21055 | Lair:5   | Found a staircase to the Slime Pits.
 21609 | Lair:5   | Received a gift from Okawaru
 22148 | Lair:5   | Noticed a dire elephant
 22181 | Lair:5   | Killed a dire elephant
 22186 | Lair:5   | Reached XP level 15. HP: 96/96 MP: 22/22
 22217 | Lair:5   | Received a gift from Okawaru
 22486 | Lair:5   | Received a gift from Okawaru
 22498 | Lair:5   | Identified the maw talisman "Perasm" {rN++}
 23212 | D:12     | Found a gate leading to a gauntlet.
 23218 | Gauntlet | Entered a Gauntlet
 23218 | Gauntlet | Found a transporter.
 23232 | Gauntlet | Found a transporter.
 23243 | Gauntlet | Found a transporter.
 23246 | Gauntlet | Found a transporter.
 23254 | Gauntlet | Found a transporter.
 23275 | Gauntlet | Found a transporter.
 23286 | Gauntlet | Found a transporter.
 23298 | Gauntlet | Found a transporter.
 23317 | Gauntlet | Found a transporter.
 23331 | Gauntlet | Found a transporter.
 23332 | Gauntlet | Found a transporter.
 23380 | Gauntlet | Found a transporter.
 23394 | Gauntlet | Found a transporter.
 23408 | Gauntlet | Found a transporter.
 23610 | Gauntlet | Received a gift from Okawaru
 23625 | Gauntlet | Identified the +10 trident "Giydy" {drain, rElec}
 23646 | Gauntlet | Identified the +1 hat of True Grit {+Blink rPois Dex+3}
 23673 | Gauntlet | Identified the ring "Xownuob" {MP+9 Str+4}
 23909 | D:12     | Identified the +3 dagger of Departure {speed, rElec rC-
                  | Dex+2}
 24017 | D:12     | Acquired the scarf "Setem" {rC+ rF+, ^Contam Str+7 Int+2}
 24017 | D:12     | Received a gift from Okawaru
 24138 | D:12     | Found a staircase to the Orcish Mines.
 24404 | D:12     | Received a gift from Okawaru
 25268 | D:13     | Received a gift from Okawaru
 25487 | D:13     | Reached XP level 16. HP: 100/104 MP: 23/23
 25595 | D:13     | Received a gift from Okawaru
 25616 | D:13     | Found a gate to the Vaults.
 26077 | D:14     | Noticed Azrael
 26207 | D:14     | Received a gift from Okawaru
 26368 | D:14     | Identified the +3 shortbow of Distraction {freeze, rF- rC+
                  | rN+ Dex+3}
 26468 | D:14     | Killed Azrael
 26486 | D:14     | Noticed Rupert
 26498 | D:14     | Killed Rupert
 26617 | D:14     | Identified the +6 battleaxe of Yluliv {protect, Int+6
                  | Dex-5}
 27084 | D:15     | Entered Level 15 of the Dungeon
 27221 | D:15     | Identified the +2 leather armour "Hine Pie" {rPois}
 27243 | D:15     | Received a gift from Okawaru
 27544 | D:15     | Reached skill level 15 in Dodging
 27612 | D:15     | Found a staircase to the Depths.
 27735 | D:15     | Reached skill level 10 in Throwing
 28118 | Orc:1    | Entered Level 1 of the Orcish Mines
 28356 | Orc:2    | Entered Level 2 of the Orcish Mines
 28485 | Orc:2    | Received a gift from Okawaru
 28724 | Orc:2    | Found a staircase to the Elven Halls.
 28966 | Orc:2    | Paralysed by an orc sorcerer for 5 turns
 29095 | Orc:2    | Found Muonoabise's Distillery.
 29095 | Orc:2    | Found Xoxung's General Store.
 29096 | Orc:2    | Found Voecvofi's Book Shop.
 29100 | Orc:2    | Found Plog's Antique Armour Boutique.
 29110 | Orc:2    | Bought a scroll of enchant armour for 90 gold pieces
 29115 | Orc:2    | Bought a potion of haste for 150 gold pieces
 29115 | Orc:2    | Bought a potion of mutation for 120 gold pieces
 29115 | Orc:2    | Bought a potion of haste for 150 gold pieces
 29115 | Orc:2    | Bought a potion of mutation for 120 gold pieces
 29115 | Orc:2    | Bought a potion of invisibility for 120 gold pieces
 29115 | Orc:2    | Bought a potion of resistance for 150 gold pieces
 29115 | Orc:2    | Bought a potion of enlightenment for 75 gold pieces
 29116 | Orc:2    | Bought the +8 pair of quick blades "Gyre" and "Gimble"
                  | {protect} for 780 gold pieces
 29116 | Orc:2    | Found the +8 pair of quick blades "Gyre" and "Gimble"
                  | {protect}
 29116 | Orc:2    | Bought a potion of heal wounds for 60 gold pieces
 29462 | Orc:1    | Reached XP level 17. HP: 104/111 MP: 24/24
 29797 | Snake:1  | Entered Level 1 of the Snake Pit
 29820 | Snake:1  | Noticed Frances
 29847 | Lair:2   | Killed Frances
 29960 | Snake:1  | Found a radiant altar of Vehumet.
 30099 | Snake:1  | Received a gift from Okawaru
 30113 | Snake:1  | You are sucked into a shaft and drop 1 floor!
 30230 | Snake:2  | Noticed Vashnia
 30838 | Snake:2  | Killed Vashnia
 30919 | Snake:2  | Identified the serpent talisman of the Three Blessings
                  | {rElec Will+ Stlth-}
 30919 | Snake:2  | Noticed Aizul
 30929 | Snake:2  | Killed Aizul
 31497 | Snake:3  | Received a gift from Okawaru
 31558 | Snake:3  | Noticed Asterion
 31574 | Snake:3  | Killed Asterion
 31649 | Snake:3  | Found a transporter.
 31653 | Snake:3  | Found Vomauh Pemo's Distillery.
 31726 | Snake:3  | Found Anuwiytu's Antique Armour Boutique.
 31731 | Snake:3  | Found a transporter.
 31858 | Snake:3  | Reached skill level 15 in Fighting
 31929 | Snake:3  | Bought a potion of haste for 180 gold pieces
 31929 | Snake:3  | Bought a potion of mutation for 144 gold pieces
 31929 | Snake:3  | Bought a potion of mutation for 144 gold pieces
 31929 | Snake:3  | Bought a potion of invisibility for 144 gold pieces
 32011 | Snake:3  | Found Jucw's Magic Scroll Shop.
 32019 | Snake:3  | Bought a scroll of blinking for 105 gold pieces
 32019 | Snake:3  | Bought a scroll of blinking for 105 gold pieces
 32019 | Snake:3  | Bought a scroll of fear for 56 gold pieces
 32263 | Snake:3  | Received a gift from Okawaru
 32446 | Snake:3  | Found Kooru's Magic Scroll Boutique.
 32461 | Snake:3  | Acquired 1058 gold pieces
 32463 | Snake:3  | Bought a scroll of revelation for 82 gold pieces
 32463 | Snake:3  | Bought a scroll of enchant weapon for 82 gold pieces
 32463 | Snake:3  | Bought a scroll of enchant armour for 82 gold pieces
 32463 | Snake:3  | Bought 2 scrolls of teleportation for 66 gold pieces
 32463 | Snake:3  | Bought a scroll of teleportation for 33 gold pieces
 32503 | Snake:3  | Found Oheniy's General Store.
 32546 | Snake:3  | Bought a scroll of revelation for 105 gold pieces
 32546 | Snake:3  | Bought a scroll of teleportation for 42 gold pieces
 32546 | Snake:3  | Bought a scroll of teleportation for 42 gold pieces
 32753 | Snake:4  | Entered Level 4 of the Snake Pit
 32795 | Snake:4  | Found Gatesh's Jewellery Shop.
 32816 | Snake:4  | Found Pyridgh's Book Shoppe.
 32817 | Snake:4  | Found Ijaettim's Jewellery Shop.
 33031 | Snake:4  | Received a gift from Okawaru
 33148 | Snake:4  | Reached XP level 18. HP: 115/120 MP: 9/25
 33281 | Snake:4  | Found Noetocw's Mass Market.
 33497 | Snake:4  | Received a gift from Okawaru
 33914 | Snake:4  | Received a gift from Okawaru
 34185 | Snake:4  | Got a serpentine rune of Zot
 34637 | Swamp:1  | Entered Level 1 of the Swamp
 34868 | Swamp:1  | Received a gift from Okawaru
 35461 | Swamp:2  | Reached XP level 19. HP: 120/128 MP: 25/26
 35603 | Swamp:2  | Received a gift from Okawaru
 35991 | Swamp:2  | Noticed a tentacled monstrosity
 36012 | Swamp:2  | Killed a tentacled monstrosity
 36301 | Swamp:3  | Identified the +6 hand axe of Kehou {venom, Str-5 Dex+9}
 36431 | Swamp:3  | Received a gift from Okawaru
 36480 | Swamp:3  | Identified the +5 quarterstaff of the Winnowing Gods {elec,
                  | ^Drain rPois Int+2}
 36580 | Swamp:4  | Entered Level 4 of the Swamp
 36758 | Swamp:4  | Noticed Mlioglotl
 36868 | Swamp:4  | Noticed a bone dragon
 36875 | Swamp:3  | Killed Mlioglotl
 36919 | Arena    | Entered the Arena
 37040 | Swamp:4  | Reached skill level 15 in Shields
 37064 | Swamp:4  | Received a gift from Okawaru
 37114 | Swamp:4  | Noticed the 27-headed Lernaean hydra
 37169 | Swamp:3  | Reached skill level 15 in Throwing
 37771 | Swamp:4  | Got a decaying rune of Zot
 38339 | Swamp:4  | Killed the 26-headed Lernaean hydra
 38774 | Elf:1    | Entered Level 1 of the Elven Halls
 38920 | Abyss:3  | Found a corrupted altar of Lugonu.
 38920 | Abyss:3  | Cast into level 3 of the Abyss (a deep elf sorcerer)
 38941 | Abyss:3  | Found a corrupted altar of Lugonu.
 38992 | Elf:1    | Escaped the Abyss
 39021 | Elf:1    | Reached XP level 20. HP: 121/134 MP: 26/27
 39160 | Elf:1    | Received a gift from Okawaru
 39590 | Elf:1    | Found Fuanemo's Weapon Boutique.
 39793 | Elf:2    | Found Roeciuc's Antique Armour Boutique.
 39853 | Elf:2    | Acquired 947 gold pieces
 39881 | Elf:2    | Paralysed by an air elemental for 1 turns
 39897 | Elf:2    | Found Duxauggy's General Store.
 40028 | Elf:2    | Found a runed translucent gate.
 40033 | Elf:2    | Found a runed translucent gate.
 40033 | Elf:2    | Found a runed translucent gate.
 40102 | Elf:2    | Found Kocsuvei's General Store.
 40455 | Vaults:1 | Entered Level 1 of the Vaults
 40494 | Vaults:1 | Noticed Saint Roka
 40598 | Vaults:1 | Killed Saint Roka
 40895 | Vaults:1 | Received a gift from Okawaru
 42328 | Vaults:2 | Found Lothrolar's Armour Boutique.
 42450 | Vaults:2 | Received a gift from Okawaru
 42535 | Vaults:2 | Found a staircase to the Crypt.
 42535 | Vaults:2 | Found a basalt altar of Yredelemnul.
 42535 | Vaults:2 | Found an ancient bone altar of Kikubaaqudgha.
 42613 | Vaults:2 | Identified the +1 robe of Follow the Leader {Dex+2}
 43514 | Snake:4  | Bought the ring of Eseit {Will+ Str+4} for 848 gold pieces
 43972 | Vaults:3 | Noticed Zenata
 43993 | Arena    | Entered the Arena
 43994 | Arena    | Killed Zenata
 44177 | Vaults:3 | Reached XP level 21. HP: 123/139 MP: 28/28
 44557 | Vaults:3 | Received a gift from Okawaru
 44853 | Vaults:3 | Found Esoxi's Book Emporium.
 45672 | Vaults:4 | Received a gift from Okawaru
 46613 | Depths:1 | Entered Level 1 of the Depths
 46846 | Depths:1 | Identified the +3 pair of boots "Dagurugg" {Dex+3}
 46893 | Depths:1 | Received a gift from Okawaru
 47145 | Depths:1 | Found a one-way gate to the infinite horrors of the Abyss.
 47168 | Depths:1 | Reached skill level 10 in Invocations
 47261 | Depths:1 | Found a gateway to Hell.
 47423 | Depths:1 | Reached XP level 22. HP: 146/146 MP: 30/30
 47442 | Depths:1 | Identified the +4 demon trident of Cotaitt {pain, rCorr}
 47712 | Depths:1 | Received a gift from Okawaru
 47772 | Depths:2 | Found a hide-covered altar of Uskayaw.
 47804 | Depths:2 | Identified the ring of Peuraoph {Ice rN+ Str+3 Stlth+}
 47804 | Depths:2 | Noticed Josephina
 47804 | Depths:2 | Noticed Mara
 47814 | Arena    | Entered the Arena
 47828 | Arena    | Killed Josephina
 47857 | Depths:2 | Killed Mara
 47994 | Depths:2 | Received a gift from Okawaru
 48217 | Depths:2 | Found a one-way gate leading to the halls of Pandemonium.
 48303 | Depths:2 | Noticed Norris
 48324 | Depths:2 | Killed Norris
 48409 | Depths:2 | Found an iron altar of Okawaru.
 48412 | Depths:2 | Noticed Vv
 48468 | Depths:2 | Killed Vv
 48642 | Depths:2 | Noticed a caustic shrike
 48661 | Depths:2 | Killed a caustic shrike
 49223 | Depths:3 | Noticed Boris
 49224 | Depths:3 | Found a magical portal.
 49260 | Depths:3 | Killed Boris
 49309 | WizLab   | Entered Doroklohe's Tomb
 49551 | WizLab   | Noticed an ancient lich
 49926 | Depths:4 | Entered Level 4 of the Depths
 49926 | Depths:4 | Found a one-way gateway to a ziggurat.
 50034 | Depths:4 | Noticed a golden dragon
 50060 | Depths:4 | Killed a golden dragon
 50246 | Depths:4 | Noticed a golden dragon
 50247 | Depths:4 | Reached XP level 23. HP: 153/155 MP: 33/33
 50263 | Depths:4 | Killed a golden dragon
 50274 | Depths:4 | Received a gift from Okawaru
 50411 | Depths:4 | Found a runed translucent door.
 50411 | Depths:4 | Noticed Viocziel's ghost (adept TrMo)
 50734 | Depths:4 | Found a gate to the Realm of Zot.
 50959 | Depths:4 | Killed Viocziel's ghost
 51271 | Depths:3 | Received a gift from Okawaru
 51540 | Depths:3 | Noticed a juggernaut
 51549 | Depths:3 | Killed a juggernaut
 51786 | Depths:3 | Received a gift from Okawaru
 51820 | Depths:3 | Noticed a caustic shrike
 51823 | Depths:3 | Noticed a caustic shrike
 51823 | Depths:3 | Noticed a caustic shrike
 51823 | Depths:3 | Noticed a caustic shrike
 51824 | Depths:3 | Noticed a golden dragon
 51838 | Depths:3 | Killed a caustic shrike
 51847 | Depths:3 | Killed a caustic shrike
 51852 | Depths:3 | Killed a caustic shrike
 51859 | Depths:3 | Killed a golden dragon
 51907 | Depths:3 | Killed a caustic shrike
 51937 | Depths:3 | Reached XP level 24. HP: 142/163 MP: 23/33
 51965 | Depths:3 | Noticed a juggernaut
 51984 | Depths:3 | Killed a juggernaut
 51989 | Depths:3 | Received a gift from Okawaru
 52073 | Depths:3 | Noticed a juggernaut
 52087 | Depths:3 | Killed a juggernaut
 52495 | Vaults:5 | Entered Level 5 of the Vaults
 52574 | Vaults:5 | Received a gift from Okawaru
 52653 | Vaults:5 | Got a silver rune of Zot
 52979 | Vaults:5 | Found the +0 pair of fencer's gloves {Riposte Dex+3}
 53139 | Vaults:5 | Received a gift from Okawaru
 53456 | Vaults:5 | Received a gift from Okawaru
 53516 | Vaults:5 | Found Dauwowopp's Jewellery Shoppe.
 53614 | Vaults:5 | Found Jisheuhodgh's Distillery.
 53627 | Vaults:5 | Found Luet's Book Shoppe.
 53631 | Vaults:5 | Bought a potion of magic for 160 gold pieces
 53631 | Vaults:5 | Bought a potion of enlightenment for 100 gold pieces
 53631 | Vaults:5 | Bought a potion of ambrosia for 160 gold pieces
 53631 | Vaults:5 | Bought a potion of resistance for 200 gold pieces
 53631 | Vaults:5 | Bought a potion of enlightenment for 100 gold pieces
 53631 | Vaults:5 | Found Quneen's Magic Scroll Shoppe.
 53639 | Vaults:5 | Bought a scroll of fear for 60 gold pieces
 53639 | Vaults:5 | Bought a scroll of fear for 60 gold pieces
 53639 | Vaults:5 | Bought a scroll of fog for 60 gold pieces
 54102 | Vaults:5 | Identified the +2 leather armour of the Echidna {rElec
                  | Str-2 Dex+2}
 54198 | Vaults:5 | Bought the ring of Meisol {rElec rF+ Int+6} for 1083 gold
                  | pieces
 54230 | Vaults:5 | Reached XP level 25. HP: 169/169 MP: 33/33
 54667 | Snake:4  | Bought the ring "Voyjufep" {rPois Will+ Int+6 Slay-2 SInv
                  | Stlth+} for 976 gold pieces
 55055 | Zot:1    | Entered Level 1 of the Realm of Zot
 55104 | Depths:4 | Gained mutation: Your health recovers twice as slowly from
                  | being drained. [mutagenic glow]
 55116 | Depths:4 | Gained mutation: You have hidden genetic defects.
                  | [mutagenic glow]
 55132 | Depths:4 | Gained mutation: Your body sometimes deteriorates upon
                  | taking damage. [mutagenic glow]
 55185 | Depths:4 | Reached skill level 10 in Evocations
 55228 | Zot:1    | Received a gift from Okawaru
 55242 | Zot:1    | Noticed an ancient lich
 55257 | Zot:1    | Killed an ancient lich
 55275 | Depths:4 | Lost mutation: Your health recovers twice as slowly from
                  | being drained. [potion of mutation]
 55275 | Depths:4 | Lost mutation: Your body sometimes deteriorates upon taking
                  | damage. [potion of mutation]
 55275 | Depths:4 | Gained mutation: Your spells are a little easier to cast,
                  | but a little less powerful. [potion of mutation]
 55275 | Depths:4 | Gained mutation: Your mind is acute. (Int +4, Str/Dex -1)
                  | [potion of mutation]
 55275 | Depths:4 | Gained mutation: A frigid envelope surrounds you and
                  | freezes all who hurt you. [potion of mutation]
 55276 | Depths:4 | Lost mutation: Your mind is acute. (Int +4, Str/Dex -1)
                  | [potion of mutation]
 55276 | Depths:4 | Lost mutation: Your spells are a little easier to cast, but
                  | a little less powerful. [potion of mutation]
 55276 | Depths:4 | Lost mutation: A frigid envelope surrounds you and freezes
                  | all who hurt you. [potion of mutation]
 55276 | Depths:4 | Gained mutation: You are resistant to electric shocks.
                  | (rElec) [potion of mutation]
 55276 | Depths:4 | Gained mutation: Armour fits poorly on your strangely
                  | shaped body. [potion of mutation]
 55276 | Depths:4 | Gained mutation: You are partially covered in large bone
                  | plates. (SH +4) [potion of mutation]
 55277 | Depths:4 | Lost mutation: You are partially covered in large bone
                  | plates. (SH +4) [potion of mutation]
 55277 | Depths:4 | Lost mutation: You are resistant to electric shocks.
                  | (rElec) [potion of mutation]
 55277 | Depths:4 | Lost mutation: You have hidden genetic defects. [potion of
                  | mutation]
 55277 | Depths:4 | Gained mutation: You do not regenerate when monsters are
                  | visible. [potion of mutation]
 55277 | Depths:4 | Gained mutation: You occasionally lose the ability to drink
                  | potions when taking damage. [potion of mutation]
 55277 | Depths:4 | Gained mutation: You expend magic power (3 MP) to
                  | strengthen your wands. [potion of mutation]
 55277 | Depths:4 | Gained mutation: Your spells are a little harder to cast,
                  | but a little more powerful. [potion of mutation]
 55278 | Depths:4 | Lost mutation: You expend magic power (3 MP) to strengthen
                  | your wands. [potion of mutation]
 55278 | Depths:4 | Lost mutation: You occasionally lose the ability to drink
                  | potions when taking damage. [potion of mutation]
 55278 | Depths:4 | Lost mutation: Your spells are a little harder to cast, but
                  | a little more powerful. [potion of mutation]
 55278 | Depths:4 | Gained mutation: You passively map a small area around you.
                  | [potion of mutation]
 55278 | Depths:4 | Gained mutation: You are partially covered in large bone
                  | plates. (SH +4) [potion of mutation]
 55278 | Depths:4 | Gained mutation: You have hidden genetic potential. [potion
                  | of mutation]
 55279 | Depths:4 | Lost mutation: You have hidden genetic potential. [potion
                  | of mutation]
 55279 | Depths:4 | Lost mutation: You passively map a small area around you.
                  | [potion of mutation]
 55279 | Depths:4 | Lost mutation: You do not regenerate when monsters are
                  | visible. [potion of mutation]
 55334 | Zot:1    | Got the Incunable of the Summer and Glaciation
 55857 | Zot:1    | Received a gift from Okawaru
 56441 | Arena    | Entered the Arena
 56525 | Zot:2    | Gained mutation: You are dopey. (Int -2) [mutagenic glow]
 56698 | Zot:2    | Received a gift from Okawaru
 57006 | Zot:2    | Found a transporter.
 57073 | Zot:2    | Found a transporter.
 57367 | Zot:3    | Reached XP level 26. HP: 179/179 MP: 33/33
 57699 | Zot:3    | Reached skill level 15 in Evocations
 58014 | Zot:3    | Received a gift from Okawaru
 58768 | Zot:3    | Received a gift from Okawaru
 58891 | Zot:3    | Noticed an ancient lich
 58897 | Zot:3    | Noticed an orb of fire
 58898 | Zot:3    | Gained mutation: You sometimes lose your temper in combat.
                  | [an orb of fire]
 58909 | Zot:3    | Killed an orb of fire
 58942 | Zot:3    | Found a stormy altar of Qazlal.
 58948 | Zot:3    | Killed an ancient lich
 58982 | Zot:3    | Identified the staff of the Old World {Conj Hexes}
 59048 | Zot:3    | Lost mutation: You are dopey. (Int -2) [potion of mutation]
 59048 | Zot:3    | Lost mutation: You sometimes lose your temper in combat.
                  | [potion of mutation]
 59048 | Zot:3    | Lost mutation: Armour fits poorly on your strangely shaped
                  | body. [potion of mutation]
 59048 | Zot:3    | Gained mutation: You are agile. (Dex +4, Str/Int -1)
                  | [potion of mutation]
 59048 | Zot:3    | Gained mutation: Your muscles are strong. (Str +4, Int/Dex
                  | -1) [potion of mutation]
 59209 | Zot:4    | Found a transporter.
 59312 | Zot:4    | Found a transporter.
 59511 | Zot:4    | Found a transporter.
 59514 | Zot:4    | Found a transporter.
 59517 | Zot:4    | Found a transporter.
 59519 | Zot:4    | Found a transporter.
 59759 | Zot:5    | Entered Level 5 of the Realm of Zot
 60271 | Zot:5    | Identified the +6 mace of the Spheres {venom, rN+ Dex+6}
 60316 | Zot:5    | Received a gift from Okawaru
 60379 | Zot:5    | Reached XP level 27. HP: 171/184 MP: 33/33
 60396 | Zot:5    | Identified the +5 scale mail of a sewer {+Inv rPois Will-
                  | Dex+7}
 60567 | Zot:5    | Noticed an orb of fire
 60575 | Zot:5    | Killed an orb of fire
 60631 | Zot:5    | Noticed a dread lich
 60641 | Zot:5    | Killed a dread lich
 60641 | Zot:5    | Received a gift from Okawaru
 60804 | Zot:5    | Noticed an orb of fire
 60806 | Zot:5    | Killed an orb of fire
 61016 | Zot:5    | Received a gift from Okawaru
 61029 | Zot:5    | Noticed an orb of fire
 61059 | Zot:5    | Noticed an ancient lich
 61067 | Zot:5    | Killed an ancient lich
 61072 | Zot:5    | Killed an orb of fire
 61324 | Zot:5    | Got the Orb of Zot
 61592 | Zot:1    | Noticed Voupt the pandemonium lord
 62014 | D:1      | gg
 62015 | D:$      | Escaped with the Orb!

Illustrated notes

.........................##.##...
..##...........####>.............
..##...........# ##....#.#.∩#...
#...........#### #######...#...
#...........# ###∩∩∩###.##..
#.....[.....# ###.............
#...^######## ##...............
#.#### ##................ #.#
#@.[.............. #.#
#####............. #.#
#.∩##.∩##∩∩##. #.###
############## #...# ###.# #.#
#.# #.#


Turn 62014 on D:1: gg

Levels and vault maps discovered:
D:1:      amcnicky_arrival_abandoned_market, layout_basic
D:2:      layout_basic, basic_altar, hellmonk_ecumenical_altar_crossroads,
          uniq_natasha
D:3:      layout_basic, minmay_quantized
D:4:      layout_loops_corners, serial_rivers, chequers_serial_rivers_small_3,
          chequers_serial_rivers_marsh, chequers_serial_rivers_small_3,
          chequers_serial_rivers_micro_e, chequers_serial_rivers_small_b
D:5:      layout_cave_pools, amethyst_overflow_temple_binary
D:6:      layout_basic, uniq_blork_the_orc, uniq_menkaure, uniq_grinder
D:7:      layout_basic, minmay_temple_entry_steel_oval, st_stairs_6
D:8:      layout_gridville, uniq_pikel, uniq_prince_ribbit1
D:9:      layout_basic, gammafunk_ghost_nasty_kobolds, minivault_16,
          kennysheep_small_circle, uniq_grum
D:10:     layout_gridville, grunt_lair_entry_orc_guard_hut,
          nicolae_concentric_dashed_squares_wild, uniq_fannar
D:11:     layout_irregular_city, serial_undead, serial_undead_f,
          serial_undead_a, serial_undead_e, serial_undead_a, serial_undead_b,
          serial_undead_d, serial_undead_e
D:12:     layout_small_grid, erik_orc_4, gauntlet_entry_generic
D:13:     layout_basic, david_vaults_5
D:14:     minmay_stepped, layout_irregular_city, uniq_azrael, uniq_rupert
D:15:     gammafunk_enter_depths_forms, layout_irregular_city,
          serial_bayou_shore_a, minmay_unpleasant_kobolds
Lair:1:   layout_big_grid, beast_lair_carwin_3
Lair:2:   layout_roguey [special_room_bee], minmay_swamp_entry_swarm,
          alex1729_snake_entry_snake, portal_ice_cave_rime, lemuel_fruit_fields
Lair:3:   layout_cave_pods, gammafunk_ghost_hydra_chop, fungi_pond_lemuel
Lair:4:   layout_loops_ring, grunt_megastairs_2
Lair:5:   hangedman_lair_in_review, layout_loops_ring,
          hangedman_lair_caniforms_friends, slime_entry_1, pond, uniq_snorg
Swamp:1:  layout_basic_swamp, nicolae_swamp_fairy_circle, swamp_pool_3,
          nicolae_swamp_decorative_isthmus, infiniplex_staircase_pool
Swamp:2:  nzn_winding_woodlands_cross [nzn_winding_woodlands_5x15_crooked,
          nzn_winding_woodlands_5x15_lazy_stream,
          nzn_winding_woodlands_5x15_garden,
          nzn_winding_woodlands_5x15_longhouse,
          nzn_winding_woodlands_15x15_boxy_spiral], layout_falls_marsh,
          evilmike_swamp_ruin_house_3
Swamp:3:  layout_falls_marsh, evilmike_swamp_ruin_house_4
Swamp:4:  swamp_alternative, layout_basic_swamp, swamp_pool_1_2,
          nicolae_swamp_catching_bugs, uniq_mlioglotl
Snake:1:  layout_misc_corridors, basic_altar, uniq_frances
Snake:2:  layout_honeycomb, uniq_vashnia, uniq_aizul
Snake:3:  layout_onion, serial_shops, shop, nicolae_shop_drivethru,
          nicolae_shop_behind_doors, nicolae_square_shop, shop,
          nicolae_snake_lava_pool, uniq_asterion
Snake:4:  snake_pit, layout_rooms, minmay_shop_mass, serial_bayou_shore_b,
          lemuel_fruit_tree, serial_bayou_shore_b, minmay_shop_grove
Orc:1:    layout_caves, serial_shops
Orc:2:    st_orc_mages, layout_diamond_mine
Elf:1:    elf_arrival_001, layout_gridlike, serial_shops,
          nicolae_take_the_stairs, hangedman_corner_corridor
Elf:2:    nicolae_elf_blades_crystal_corner, layout_geoelf_grid, serial_shops,
          nicolae_square_shop, shop, shop, serial_glass, glass_columns_c,
          glass_columns_a, glass_columns_a, glass_columns_a, glass_columns_a
Vaults:1: v_misc_5, nicolae_vaults_little_squares_2, nicolae_vaults_asterisk,
          hangedman_vaults_stagger, nicolae_vaults_gold_heap, v_misc_18,
          special_room_vaults [special_room_orc], vaults_room_octagon,
          nicolae_vaults_ninety_degrees, nicolae_vaults_cochlea, v_misc_15,
          ontoclasm_vaults_pinch, nicolae_vaults_tangram_2,
          layout_vaults_omnibox, uniq_saint_roka
Vaults:2: minmay_crypt_entry_necro_gods, v_misc_10,
          nicolae_vaults_little_squares_1, nicolae_vaults_little_ls,
          vaults_room_ringed_pool, nicolae_vaults_tetromino_L_1,
          vaults_room_stairs_pillars, layout_vaults_omnigrid, serial_shops,
          nicolae_shop_behind_doors
Vaults:3: v_alt_pattern_6, nicolae_vaults_shipping_containers_3,
          nicolae_vaults_network_quinsquares
          [nicolae_vaults_network_quincunx_subvault,
          nicolae_vaults_network_quincunx_subvault,
          nicolae_vaults_network_quincunx_subvault,
          nicolae_vaults_network_quincunx_subvault], vaults_room_stairs_pillars,
          vaults_mumra_chevron_long, v_alt_pattern_3, grunt_vaults_diagonal,
          vaults_dpeg_encased_lava, vaults_dpeg_spiral, v_misc_12,
          vaults_dpeg_diagonal, layout_vaults_ring, serial_shops, shop,
          uniq_zenata
Vaults:4: nicolae_vaults_closet_pinwheel_1, nicolae_vaults_cornered_office,
          nicolae_vaults_doubleplus_tesselated, nicolae_vaults_apartment_1,
          hangedman_vaults_river_flow, vaults_mumra_hexcomb, v_alt_pattern_2,
          nicolae_vaults_little_squares_1, ontoclasm_vaults_tryst,
          nicolae_vaults_diamond_1, vaults_room_stairs_pillars, st_check,
          layout_vaults_omnicross
Vaults:5
Depths:1: layout_long_grid, hellmouth_2, abyss_entry, kennysheep_dice,
          firewood_loft
Depths:2: hangedman_hanging_gardens, layout_basic,
          hellmonk_okawaru_the_only_friend_you_need, hangedman_coc_ice_floe,
          pan_entry, eat_drink_and_be_merry_uskayaw, uniq_josephina, uniq_vv,
          uniq_norris, uniq_mara
Depths:3: grunt_bent_corner, layout_gridlike, abyss_entry, serial_glass,
          glass_columns_a, glass_columns_c, hell_entry, minmay_misc_feat_alley,
          special_room [special_room_mythical_zoo], mu_enter_wizlab_4,
          minmay_microvault, uniq_boris
Depths:4: grunt_twist_and_shout, layout_basic, enter_ziggurat_b,
          chequers_serial_rivers_micro_d, hellmonk_ghost_happy_afterlife,
          hell_entry, pan_entry, minmay_room_of_horrors
Zot:1:    hangedman_snap_crack_crunch, layout_onion, guppyfry_library_mini
Zot:2:    gammafunk_its_a_trap, layout_misc_corridors, skrybe_zot_glass_1
Zot:3:    regret_index_qazlal_generations, layout_onion, st_stairs_6,
          bh_zot_levy_curve, grunt_ministairs_15
Zot:4:    layout_cellular_growth, regret_index_zotdec_icy_dp,
          serial_nicolae_subway, nicolae_sub_station_crystal,
          nicolae_sub_station_metal, nicolae_sub_station_stone
Zot:5:    layout_gridlike

Skill      XL: |  1  2  3  4  5  6  7  8  9 10 11 12 13 14 15 16 17 18 19 20 21 22 23 24 25 26 27 |
---------------+----------------------------------------------------------------------------------+-----
Long Blades    | 4 5 6 8 10 12 14 | 14.0
Invocations    | 2 3 4 5 9 10 12 13 | 13.0
Fighting       | 4 5 6 8 10 11 13 14 16 17 19 20 22 | 22.0
Throwing       | 2 4 7 8 10 12 14 15 18 20 21 22 | 22.0
Dodging        | 4 6 8 9 10 12 13 15 16 17 18 19 20 22 | 22.0
Evocations     | 1 5 7 9 14 19 20 | 20.0
Shields        | 5 10 11 12 13 16 17 20 | 20.1
Stealth        | |  5.0

Action                     |  1- 3 |  4- 6 |  7- 9 | 10-12 | 13-15 | 16-18 | 19-21 | 22-24 | 25-27 || total
---------------------------+-------+-------+-------+-------+-------+-------+-------+-------+-------++-------
  Melee: Falchion          |    82 |     3 |       |       |       |       |       |       |       ||    85
         Kick              |    14 |    17 |    52 |   227 |   404 |   378 |   632 |   695 |   669 ||  3088
         Peck              |    13 |    14 |    44 |   145 |   275 |   240 |   378 |   432 |   410 ||  1951
         Dagger            |     9 |    85 |    22 |       |       |       |       |       |       ||   116
         Punch             |     1 |     2 |     3 |     9 |     6 |       |       |       |       ||    21
         Scimitar          |       |       |   162 |   627 |   542 |       |       |       |       ||  1331
         Long sword        |       |       |    40 |       |       |       |       |       |       ||    40
         Demon blade       |       |       |       |       |   617 |  1025 |  1302 |  1262 |   735 ||  4941
  Throw: Dart              |       |    24 |     5 |    44 |       |       |       |       |       ||    73
         Throwing net      |       |       |     9 |     1 |       |       |       |       |       ||    10
         Boomerang         |       |       |       |     1 |    15 |   138 |   170 |    53 |   260 ||   637
         Javelin           |       |       |       |       |     1 |    31 |    22 |    16 |    92 ||   162
 Invoke: Heroism           |     1 |       |    10 |    12 |     7 |     7 |     4 |     8 |    10 ||    59
         Receive Weapon    |       |       |       |       |     1 |       |       |       |       ||     1
         Finesse           |       |       |       |       |     1 |     1 |     2 |     6 |     6 ||    16
         Receive Armour    |       |       |       |       |     1 |       |       |       |       ||     1
         Duel              |       |       |       |       |       |       |     2 |     1 |     1 ||     4
  Evoke: Wand              |       |       |     1 |     6 |     1 |       |       |     1 |       ||     9
    Use: Scroll            |     2 |     6 |     3 |    11 |    16 |     5 |     9 |     7 |    10 ||    69
         Potion            |     1 |       |       |     2 |       |     1 |     2 |     7 |    13 ||    26
   Stab: Sleeping          |    10 |     8 |     4 |     5 |     9 |    12 |    12 |     6 |     3 ||    69
         Distracted        |     1 |       |     3 |       |     2 |     3 |     2 |       |     1 ||    12
         Held in net/web   |       |       |     5 |     1 |       |       |       |       |       ||     6
         Invisible         |       |       |       |       |       |       |       |     5 |     3 ||     8
         Confused          |       |       |       |       |       |       |       |     1 |       ||     1
 Armour: Leather armour    |    30 |    37 |       |     4 |       |       |       |       |       ||    71
         Ring mail         |       |       |    81 |   145 |       |       |       |       |       ||   226
         Scale mail        |       |       |       |    73 |       |       |       |       |       ||    73
         Robe              |       |       |       |    29 |     1 |       |       |       |       ||    30
         Troll leather arm |       |       |       |    17 |   305 |   249 |   311 |   219 |   169 ||  1270
  Dodge: Dodged            |    56 |    52 |   169 |   776 |   753 |   789 |  1100 |   698 |   497 ||  4890
  Block: Kite shield       |       |       |       |       |   990 |  1409 |  1045 |       |       ||  3444
         Other             |       |       |       |       |    66 |       |       |       |       ||    66
         Reflection        |       |       |       |       |    10 |   237 |   113 |    54 |    30 ||   444
         Tower shield      |       |       |       |       |       |       |   742 |  2012 |  1223 ||  3977
Riposte: Demon blade       |       |       |       |       |       |       |       |    55 |   407 ||   462
